 Dungeon Crawl Stone Soup version 0.21.2 (webtiles) character file.

1750 LostNumber the Grave Robber (level 8, -2/55 HPs)
             Began as a Mummy Necromancer on Mar 3, 2019.
             Was an Initiate of Hepliaklqana.
             Slain by a bullfrog (5 damage)
             ... on level 6 of the Dungeon.
             The game lasted 00:15:36 (7437 turns).

LostNumber the Grave Robber (Mummy Necromancer)     Turns: 7437, Time: 00:15:36

Health: -2/55      AC:  4    Str: 16    XL:     8   Next: 78%
Magic:  3/18       EV: 12    Int: 17    God:    Hepliaklqana [......]
Gold:   331        SH:  0    Dex: 12    Spells: 7/20 levels left

rFire    x . .     SeeInvis .   l - +1 dagger (venom)
rCold    + . .     Gourm    .   (no shield)
rNeg     + + +     Faith    .   a - +0 robe
rPois    ∞         Spirit   .   (no helmet)
rElec    .         Reflect  .   h - +1 cloak
rCorr    .         Harm     .   (no gloves)
MR       +....                  (no boots)
Stlth    ++........             (no amulet)
HPRegen  0.18/turn              k - +5 ring of strength
MPRegen  0.16/turn              (no ring)

@: no status effects
A: no food or potions, fire vulnerability, reduced essence, cold resistance 1,
negative energy resistance 3, torment resistance, unbreathing
a: Recall Ancestor, Ancestor Identity, Renounce Religion


You were on level 6 of the Dungeon.
You worshipped Hepliaklqana.
Hepliaklqana was noncommittal.
You were not hungry.

You visited 1 branch of the dungeon, and saw 6 of its levels.

You collected 331 gold pieces.

Inventory:

Hand Weapons
 c - a +0 mace
   (You found it on level 1 of the Dungeon)
 l - a +1 dagger of venom (weapon)
   (You took it off a goblin on level 3 of the Dungeon)
Armour
 a - a +0 robe (worn)
 h - a +1 cloak (worn)
   (You found it on level 2 of the Dungeon)
Jewellery
 k - a +5 ring of strength (left hand)
   (You found it on level 2 of the Dungeon)
 o - an uncursed amulet of the gourmand {unknown}
   (You found it on level 4 of the Dungeon)
 r - an uncursed amulet of magic regeneration {unknown}
   (You found it on level 5 of the Dungeon)
Scrolls
 d - 4 scrolls of remove curse {unknown}
 e - a scroll of random uselessness {unknown}
 f - 3 scrolls of identify {unknown}
 g - 3 scrolls of amnesia
 i - 3 scrolls of blinking {unknown}
 j - 2 scrolls of teleportation {unknown}
 m - 2 scrolls of enchant weapon {unknown}
 n - a scroll of noise {unknown}
 p - a scroll of enchant armour {unknown}
 q - a scroll of immolation {unknown}
 s - a scroll of fog {unknown}
Books
 b - a book of Necromancy


   Skills:
 + Level 5.0 Fighting
 - Level 1.5 Dodging
 - Level 1.5 Stealth
 + Level 6.7 Spellcasting
 * Level 7.8 Necromancy
 * Level 4.2 Earth Magic


You had 7 spell levels left.
You knew the following spells:

 Your Spells              Type           Power        Failure   Level  Hunger
a - Pain                  Necr           ####         1%          1    N/A
f - Borgnjor's Vile Clut  Necr/Erth      ####......   26%         5    N/A
q - Vampiric Draining     Necr           ####......   1%          3    N/A
u - Animate Dead          Necr           N/A          4%          4    N/A

Dungeon Overview and Level Annotations

Branches:
Dungeon (6/15)
 Temple: D:4-7

Altars:
Ashenzari
Elyvilon
Fedhas
Hepliaklqana
Ru
Wu Jian
Yredelemnul
Zin
The Shining One

Annotations:
D:6 Grinder


Innate Abilities, Weirdness & Mutations

You do not eat or drink.
Your flesh is vulnerable to fire.
You are immune to poison.
Your flesh is cold resistant. (rC+)
You are immune to negative energy. (rN+++)
You are immune to unholy pain and torment.
You can survive without breathing.
Your life essence is reduced to manifest your ancestor. (-10% HP)


Message History

The orc closely misses you.
You hit the orc warrior but do no damage.
The orc warrior is poisoned.
The orc hits Dunstan but does no damage.
The orc warrior hits you with a trident!!
* * * LOW HITPOINT WARNING * * *
The orc wizard casts a spell.
The orc wizard seems to speed up.
Dunstan barely misses the orc.
The orc completely misses you.
Grinder comes into view.
Unknown command.
Aim: an orc warrior, wielding a trident and wearing a chain mail (moderately wounded, poisoned)
You feel life coursing into your body.
The orc hits Dunstan with a mace!
The orc wizard points at you and mumbles some strange words.
The magic dart hits Dunstan.
The orc warrior barely misses you.
Dunstan barely misses the orc wizard.
The orc closely misses you.
Aim: an orc warrior, wielding a trident and wearing a chain mail (severely wounded, poisoned)
You feel life coursing into your body.
The orc wizard misses Dunstan.
The orc closely misses Dunstan.
The orc warrior hits you with a trident!
* * * LOW HITPOINT WARNING * * *
Dunstan hits the orc wizard.
The orc wizard hits Dunstan with a dagger.
The orc barely misses you.
Aim: an orc warrior, wielding a trident and wearing a chain mail (almost dead, poisoned)
You kill the orc warrior!
Your Fighting skill increases to level 5!
The orc wizard hits Dunstan with a dagger.
The orc barely misses Dunstan.
The bullfrog closely misses you.
Dunstan hits the orc wizard.
The orc hits you.
* * * LOW HITPOINT WARNING * * *
Unknown command.
The orc wizard hits Dunstan with a dagger.
Something hits Dunstan.
Dunstan closely misses the bullfrog.
The orc closely misses Dunstan.
Aim: a bullfrog You feel life coursing into your body.
The bullfrog completely misses you.
Something hits Dunstan.
Dunstan is destroyed!
The bullfrog hits you!
* * * LOW HITPOINT WARNING * * *
Unknown command.
As you read the scroll labeled NUOQAZ UCUSIPRYU, it crumbles to dust.
It is a scroll of amnesia.
Okay, then.
The bullfrog hits you.
* * * LOW HITPOINT WARNING * * *
Unknown command.
The bullfrog hits you.
You die...

#........##
###########.%.....#.## .
...............>...#.###..
........####.##......#....
..........................
................##.......#
.#..#.ooo#...#.#..#R....##
#..)#F......##.###...#
#.O5.##@.....###.##...#
.......##.......#####...#
.##.###.........#####...##
#. .........##.....).# .
..............#..#.# .
........##.....#..#.#
.............#..#..#.#
..............#..####.[
.....).#..#..#..#..


You could see a bullfrog, an orc wizard and 2 orcs.

Vanquished Creatures
  3 orc warriors
  An ice beast (D:5)
  An ogre (D:6)
  A centaur (D:5)
  A bullfrog (D:6)
  2 wights (D:5)
  2 crimson imps (D:5)
  A bullfrog zombie (D:6)
  4 orc priests
  Terence (D:2)
  2 iguanas (D:4)
  2 orc wizards
  5 worker ants
  3 hound zombies
  A hound skeleton (D:4)
  A gnoll (D:5)
  8 adders
  An adder skeleton (D:5)
  A worm (D:3)
  2 dart slugs
  5 leopard geckos
  15 orcs
  A ball python (D:4)
  4 bats
  5 giant cockroaches
  3 goblins
  11 hobgoblins
  8 jackals
  4 frilled lizards
  A giant cockroach zombie (D:4)
  5 kobolds
  10 rats
115 creatures vanquished.

Vanquished Creatures (collateral kills)
  2 wights (D:5)
  4 crimson imps (D:5)
  A bullfrog zombie (D:5)
  A hound (D:5)
  An orc wizard (D:5)
  2 gnolls (D:5)
  An adder (D:5)
  An orc (D:5)
13 creatures vanquished.

Vanquished Creatures (others)
  5 ancestors
5 creatures vanquished.

Grand Total: 133 creatures vanquished

Notes
Turn   | Place    | Note
-------+----------+-------------------------------------------
     0 | D:1      | LostNumber the Mummy Necromancer began the quest for the Orb.
     0 | D:1      | Reached XP level 1. HP: 13/13 MP: 4/4
   143 | D:1      | Reached XP level 2. HP: 18/20 MP: 1/6
   210 | D:1      | Reached skill level 1 in Fighting
   756 | D:1      | Reached XP level 3. HP: 26/26 MP: 5/7
  1687 | D:2      | Reached XP level 4. HP: 33/33 MP: 7/9
  1781 | D:2      | Noticed Terence
  1806 | D:2      | Killed Terence
  2523 | D:3      | Reached skill level 5 in Necromancy
  2523 | D:3      | Reached XP level 5. HP: 24/39 MP: 1/11
  2675 | D:3      | Learned a level 3 spell: Vampiric Draining
  2680 | D:3      | Learned a level 4 spell: Animate Dead
  3372 | D:4      | Reached XP level 6. HP: 39/47 MP: 2/13
  3815 | D:4      | Reached skill level 5 in Spellcasting
  4054 | D:4      | Learned a level 5 spell: Borgnjor's Vile Clutch
  4082 | D:4      | Found a shattered altar of Ashenzari.
  4083 | D:4      | Found a sacrificial altar of Ru.
  4083 | D:4      | Found an ornate altar of the Wu Jian Council.
  4083 | D:4      | Found a hazy altar of Hepliaklqana.
  4101 | D:4      | Found a basalt altar of Yredelemnul.
  4103 | D:4      | Became a worshipper of Hepliaklqana the Forgotten
  4158 | D:4      | Found a blossoming altar of Fedhas.
  4350 | D:5      | Entered Level 5 of the Dungeon
  4412 | D:5      | Reached skill level 1 in Earth Magic
  4793 | D:5      | Reached skill level 6 in Necromancy
  4793 | D:5      | Reached XP level 7. HP: 36/46 MP: 1/14
  5961 | D:5      | Found a glowing golden altar of the Shining One.
  5961 | D:5      | Found a white marble altar of Elyvilon.
  5961 | D:5      | Found a glowing silver altar of Zin.
  6100 | D:5      | Reached XP level 8. HP: 34/54 MP: 9/17
  6105 | D:5      | Reached skill level 7 in Necromancy
  7431 | D:6      | Noticed Grinder
  7433 | D:6      | Reached skill level 5 in Fighting
  7437 | D:6      | Slain by a bullfrog

Skill      XL: |  1  2  3  4  5  6  7  8 |
---------------+-------------------------+-----
Spellcasting   | 3 4 5 6 |  6.7
Fighting       | 1 2 3 4 5 |  5.0
Necromancy     | 5 6 7 |  7.8
Earth Magic    | 1 3 4 |  4.2
Dodging        | |  1.5
Stealth        | |  1.5

Action                   |  1- 3 |  4- 6 |  7- 9 || total
-------------------------+-------+-------+-------++-------
Melee: Mace              |    30 |    18 |       ||    48
       Dagger            |       |    39 |   205 ||   244
 Cast: Pain              |    71 |   124 |    16 ||   211
       Vampiric Draining |       |     4 |    17 ||    21
       Borgnjor's Vile C |       |       |     3 ||     3
Invok: Recall Ancestor   |       |       |     3 ||     3
  Use: Scroll            |       |       |     1 ||     1
 Stab: Sleeping          |       |     2 |       ||     2
       Distracted        |       |       |     1 ||     1
Armor: Robe              |     6 |    36 |    46 ||    88
Dodge: Dodged            |    38 |    86 |   118 ||   242
